 Dungeon Crawl Stone Soup version 0.29.0-13-gc9e81de378 (webtiles) character file.

Game seed: 10679978379916837

44 LabCoat the Trooper (level 3, -2/33 HPs)
             Began as a Hill Orc Fighter on Sept 9, 2022.
             Killed from afar by Jessica (4 damage)
             ... with a puff of flame
             ... on level 2 of the Dungeon.
             The game lasted 00:04:40 (1407 turns).

LabCoat the Trooper (Hill Orc Fighter)              Turns: 1407, Time: 00:04:41

Health: -2/33      AC:  9    Str: 20    XL:     3   Next: 60%
Magic:  3/3        EV:  9    Int:  8    God:
Gold:   136        SH:  4    Dex: 10    Spells: 2/2 levels left

rFire   . . .      SeeInvis .   a - +0 war axe
rCold   . . .      Faith    .   c - +0 buckler
rNeg    . . .      Spirit   .   b - +0 scale mail
rPois   .          Reflect  .   h - +0 helmet
rElec   .          Harm     .   (no cloak)
rCorr   .          Rampage  .   i - +0 pair of gloves
Will    .....                   (no boots)
Stlth   ..........              (no amulet)
HPRegen 0.11/turn               (no ring)
MPRegen 0.08/turn               (no ring)

@: mighty
A: no striking features
a: no special abilities


You were on level 2 of the Dungeon.
You visited 1 branch of the dungeon, and saw 2 of its levels.

You collected 136 gold pieces.

Inventory:

Hand Weapons
 a - a +0 war axe (weapon)
 k - a +0 club
Missiles
 l - 2 poisoned darts (quivered)
Armour
 b - a +0 scale mail (worn)
 c - a +0 buckler (worn)
 h - a +0 helmet (worn)
 i - a +0 pair of gloves (worn)
Potions
 e - 2 potions of attraction {unknown}
 f - a potion of haste {unknown}
 g - a potion of mutation {unknown}
 j - a potion of invisibility


   Skills:
 + Level 3.9 Fighting
 * Level 3.6(3.8) Axes
 + Level 1.1(2.2) Maces & Flails
 + Level 0.0 Throwing
 + Level 3.7 Armour
 + Level 3.6 Shields


You had 2 spell levels left.
You didn't know any spells.
Your spell library was empty.

Dungeon Overview and Level Annotations

Branches:
Dungeon (2/15)

Altars:

Annotations:
D:2 Jessica


Message History

The bat barely misses you.
You closely miss the bat. The bat hits you but does no damage. x2
You hit the bat.
You kill the bat!
You see here a hobgoblin corpse.
You now have 136 gold pieces (gained 16).
A hobgoblin comes into view.
The hobgoblin shouts!
You closely miss the hobgoblin. The hobgoblin barely misses you. x2
You slash the hobgoblin!
You kill the hobgoblin!
Jessica the Apprentice Sorceress comes into view.
She is wielding a +0 club and carrying a wand of flame (17).
Jessica shouts!
Jessica zaps a wand.
The puff of flame misses you.
Jessica drinks a potion.
Jessica flickers and vanishes!
Deactivating autopickup; reactivate with Ctrl-A.
No target in view!
You closely miss something.
You hear a zap.
A puff of flame appears from out of thin air!
The puff of flame hits you.
You closely miss something. Something hits you.
You hear some strange, mumbled words.
Pain shoots through your body!
You slash something! Something hits you but does no damage.
You closely miss something. Something hits you.
* * * LOW HITPOINT WARNING * * *
You feel very mighty all of a sudden.
You hear a zap.
A puff of flame appears from out of thin air!
You block the puff of flame.
You closely miss something.
You hear a zap.
A puff of flame appears from out of thin air!
The puff of flame hits you.
* * * LOW HITPOINT WARNING * * *
You hear a zap.
A puff of flame appears from out of thin air!
The puff of flame hits you.
You die...

#..# #.###... ###
#..# #.###.## ...
##..# #.......
#.. ...# #####.##
#.#####.#######.#
................#
#.#####.#########
#{# #.#
#.###@#####†#
#...........#
#####.#####.#
###### #.#
#..#####..... #.#
#........#### #.#
#..####### #.#
#..# ###.####..#
........<.# ####


There were no monsters in sight!

Vanquished Creatures
  An adder (D:2)
  A dart slug (D:2)
  2 ball pythons (D:1)
  5 bats
  2 giant cockroaches (D:1)
  2 goblins
  6 hobgoblins
  4 kobolds
  5 frilled lizards
  4 rats
32 creatures vanquished.

Notes
Turn   | Place    | Note
-------+----------+-------------------------------------------
     0 | D:1      | LabCoat the Hill Orc Fighter began the quest for the Orb.
     0 | D:1      | Reached XP level 1. HP: 19/19 MP: 1/1
    78 | D:1      | Reached XP level 2. HP: 23/27 MP: 2/2
  1026 | D:2      | Reached skill level 1 in Maces & Flails
  1026 | D:2      | Reached XP level 3. HP: 24/33 MP: 3/3
  1400 | D:2      | Noticed Jessica
  1407 | D:2      | Killed from afar by Jessica

Illustrated notes

Levels and vault maps discovered:
D:1:      dpeg_arrival_prison, layout_loops_ring, chequers_serial_rivers_small_a
D:2:      minmay_recursive_quarters, layout_loops_ring, uniq_jessica, uniq_robin

Skill      XL: |  1  2 |
---------------+-------+-----
Axes           | 3 |  3.6
Maces & Flails | 1 |  1.1
Fighting       | |  3.9
Armour         | |  3.7
Shields        | |  3.6

Action                   || total
-------------------------++-------
Melee: War axe           ||   116
  Use: Scroll            ||     1
       Potion            ||     1
Armor: Scale mail        ||    67
Dodge: Dodged            ||    47
Block: Buckler           ||    36
